 Dungeon Crawl Stone Soup version 0.29-a0-451-gfbfa42419e (webtiles) character file.

Game seed: 10030619944700086366

25 spiderkeys the Ducker (level 2, 0/16 HPs)
             Began as a Spriggan Abyssal Knight on May 20, 2022.
             Was a Believer of Lugonu.
             Slain by an orc priest
             ... wielding a +0 club
              (6 damage)
             ... on level 1 of the Dungeon.
             The game lasted 00:01:28 (1947 turns).

spiderkeys the Ducker (Spriggan Abyssal Knight)     Turns: 1947, Time: 00:01:28

Health: 0/16       AC:  2    Str:  9    XL:     2   Next: 86%
Magic:  4/4        EV: 18    Int: 11    God:    Lugonu [**....]
Gold:   64         SH:  0    Dex: 15    Spells: 1/1 levels left

rFire   . . .      SeeInvis +   a - +1 short sword
rCold   . . .      Faith    .   (no shield)
rNeg    + . .      Spirit   .   b - +0 robe
rPois   .          Reflect  .   (helmet restricted)
rElec   .          Harm     .   (no cloak)
rCorr   .          Rampage  .   (gloves unavailable)
Will    .....                   (boots unavailable)
Stlth   ++........              (no amulet)
HPRegen 0.05/turn               N - ring of positive energy
MPRegen 0.09/turn               (no ring)

@: very quick
A: very small, no large weapons, unfitting armour, see invisible, speed 3
a: Renounce Religion, Depart the Abyss, Bend Space


You were on level 1 of the Dungeon.
You worshipped Lugonu.
Lugonu was pleased with you.
You visited 1 branch of the dungeon, and saw 2 of its levels.
You visited the Abyss 1 time.

You collected 64 gold pieces.


Innate Abilities, Weirdness & Mutations

You are very small and have problems with some larger weapons.
You are too small for most types of armour.
You have supernaturally acute eyesight. (SInv)
You cover ground extremely quickly. (Speed+++)


   Skills:
 + Level 2.6 Fighting
 + Level 2.5 Short Blades
 + Level 3.6 Dodging
 + Level 1.6 Stealth
 + Level 2.1 Invocations


You had one spell level left.
You didn't know any spells.
Your spell library was empty.

Inventory:

Hand Weapons
 a - a +1 short sword (weapon)
Missiles
 c - 67 stones
Armour
 b - a +0 robe (worn)
Magical Staves
 d - a staff of cold {!a}
   (You found it on level 1 of the Dungeon)
 g - a staff of conjuration {!a}
   (You found it on level 1 of the Dungeon)
Jewellery
 N - a ring of positive energy (left hand)
   (You found it on level 1 of the Dungeon)
Scrolls
 h - a scroll of amnesia {unknown}
 i - 2 scrolls of fog {unknown}
 j - a scroll of acquirement {unknown}
 l - a scroll of identify {unknown}
 m - a scroll of teleportation {unknown}

Dungeon Overview and Level Annotations

Branches:
Dungeon (2/15)

Altars:

Shops:
D:2

( ....#.# ##.#.# #.#
.##.#.# ##....# #.#
.##.#.###.....## #.#
...............# #.#
.########.....## #.# .#
##...## #.# .#########..##
#.#
..........#.############.#
.#.#####.###...o@o.......#
...# ##.#.##############
##.#######.## #.........#
###########


You could see 2 orc priests.


Message History

You take 1 damage, and now have 14/16 hp.
You completely miss the adder.
You feel sick. The orc completely misses you.
The adder bites you but does no damage. 😕 HP[-1]
You take 1 damage, and now have 13/16 hp.
You closely miss the adder.
You feel sick. The adder barely misses you.
The orc closely misses you. 😮 HP[-1]
You take 1 damage, and now have 12/16 hp.
You hit the adder.
You feel sick.
You are no longer poisoned.
The adder misses you. The orc hits you with a +0 club.
The adder bites you but does no damage. 😮 HP[-3]
You take 3 damage, and now have 9/16 hp.
You miss the adder. The orc closely misses you. The adder barely misses you.
You hit the adder. The adder closely misses you.
The orc hits you with a +0 club.
* * * LOW HITPOINT WARNING * * *
😨 HP[-3]
You take 3 damage, and now have 6/16 hp.
You completely miss the adder. The adder closely misses you.
The orc hits you with a +0 club.
* * * LOW HITPOINT WARNING * * *
The adder completely misses you. 😱 HP[-4]
You take 4 damage, and now have 2/16 hp.
MASSIVE DAMAGE!! (PAUSE) It was a potion of flight.
You feel very buoyant.
You fly up into the air.
The orc completely misses you. The adder barely misses you.
It was a potion of berserk rage.
A red film seems to cover your vision as you go berserk!
You feel yourself moving faster!
You feel mighty! The orc completely misses you.
The adder completely misses you. 😱 HP[+2]
You now have 24 max hp (+8).
You regained 2 hp, and now have 4/24 hp.
You puncture the adder!
You kill the adder!
Lugonu accepts your kill. The orc barely misses you.
You closely miss the orc. You completely miss the orc.
The orc barely misses you.
You puncture the orc!
You kill the orc!
Lugonu accepts your kill.
You see here a +0 club.
You feel a strong urge to attack something.
There is a stone staircase leading down here.
You start resting.
You are no longer berserk.
You are exhausted.
You feel yourself slow down. 😱 HP[-2]
You now have 16 max hp (-8).
You start resting.
You are starting to lose your buoyancy. 😱 HP[+1]
You start resting.
You float gracefully downwards. 😱 HP[+1]
You start resting.
You feel yourself speed up.
Unknown command.
You start resting.
You recover from your berserk rage. 😨 HP[+1] Unknown command.
You start resting.
Unknown command. 😕 HP[+9]
You regained 9 hp, and now have 14/16 hp.
You start resting. 😎 HP[+2]
Your hp is fully restored (16).
Things that are here:
a +0 mace; an adder skeleton
There is a stone staircase leading down here.
You see here a +0 club.
There is a stone staircase leading down here.
You climb downwards.
The orc priest barely misses you.
There is a stone staircase leading up here.
The orc priest misses you. x2
You climb upwards.
There is a stone staircase leading down here.
You hit the orc priest. The orc priest barely misses you.
The orc priest closely misses you.
You hit the orc priest but do no damage.
The orc priest mumbles some strange prayers to Beogh against you.
Beogh smites you!
Ouch! That really hurt!
* * * LOW HITPOINT WARNING * * *
The orc priest misses you. 😨 HP[-10]
You take 10 damage, and now have 6/16 hp.
MASSIVE DAMAGE!! (PAUSE)
You hit the orc priest. The orc priest hits you with a +0 club.
You die...

Skill      XL: |  1 |
---------------+----+-----
Stealth        | 1 |  1.6
Invocations    | 2 |  2.1
Fighting       | |  2.6
Short Blades   | |  2.5
Dodging        | |  3.6

Action                   || total
-------------------------++-------
Melee: Short sword       ||    48
  Use: Potion            ||     3
Armor: Robe              ||     4
Dodge: Dodged            ||    51

Levels and vault maps discovered:
D:1:      matt_arrival_refuge, layout_loops_ring, minmay_misc_feat_iff,
          lemuel_old_faithful
D:2:      layout_loops_ring, serial_shops, shop,
          shapermc_ecumenical_altar_flowoftime, nrook_mini_backslash

Notes
Turn   | Place    | Note
-------+----------+-------------------------------------------
     0 | Abyss:1  | spiderkeys the Spriggan Abyssal Knight began the quest for
                  | the Orb.
     0 | Abyss:1  | Reached XP level 1. HP: 11/11 MP: 3/3
     0 | Abyss:1  | magus.rc [v1.11.3]
    34 | D:1      | You pass through the gate.
    34 | D:1      | Escaped the Abyss
   778 | D:1      | Reached skill level 1 in Stealth
   778 | D:1      | Reached skill level 2 in Invocations
   778 | D:1      | Reached XP level 2. HP: 16/16 MP: 4/4
  1406 | D:2      | Found Fyicioxi's Antique Weapon Emporium.
  1679 | D:1      | HP: 2/16 [orc/+0 club (4)]
  1947 | D:1      | Slain by an orc priest

Vanquished Creatures
  An adder (D:1)
  2 orcs (D:1)
  2 endoplasms
  3 goblins (D:1)
  3 hobgoblins (D:1)
  A quokka (D:1)
  A frilled lizard (D:1)
13 creatures vanquished.

Table legend:
 A = Non-vault XP
 B = Vault XP
 C = Vault XP percentage of total XP
 D = Non-vault monster count
 E = Vault monster count
 F = Vault count percentage of total count
                 A         B        C        D         E       F
            +---------+---------+-------+---------+---------+-------
      Total |      37 |       0 |   0.0 |      13 |       0 |   0.0
            +---------+---------+-------+---------+---------+-------
        D:1 |      35 |       0 |   0.0 |      12 |       0 |   0.0
        D:2 |       2 |       0 |   0.0 |       1 |       0 |   0.0
            +---------+---------+-------+---------+---------+-------

Illustrated notes

Table legend:
 A = Kills in this place as a percentage of kills in entire the game.
 B = Kills by you in this place as a percentage of kills by you in the entire game.
 C = Kills by friends in this place as a percentage of kills by friends in the entire game.
 D = Other kills in this place as a percentage of other kills in the entire game.
 E = Experience gained in this place as a percentage of experience gained in the entire game.
 F = Experience gained in this place divided by the number of levels of this place that you have seen.
                   A       B       C       D       E      F
               +-------+-------+-------+-------+-------+----------------------
         Total | 100.0 | 100.0 |   N/A |   N/A | 100.0 |  12.3
       Dungeon | 100.0 | 100.0 |   N/A |   N/A | 100.0 |  18.5
               +-------+-------+-------+-------+-------+----------------------

Table legend: (Time is in decaauts)
 A = Elapsed time spent in this place.
 B = Non-inter-level travel time spent in this place.
 C = Inter-level travel time spent in this place.
 D = Time resting spent in this place.
 E = Time spent auto-exploring this place.
 F = Levels seen in this place.
 G = Mean time per level.
                   A        B        C        D        E       F      G
               +--------+--------+--------+--------+--------+-----+--------+
         Total |   1622 |   1607 |     15 |    687 |    782 |   3 |  540.7 |
       Dungeon |   1601 |   1586 |     15 |    687 |    781 |   2 |  800.5 |
         Abyss |     20 |     20 |      0 |      0 |      1 |   1 |   20.0 |
               +--------+--------+--------+--------+--------+-----+--------+

Top non-repeatable levels by time:
     D:1: 1433 daAuts
     D:2: 168 daAuts
 Abyss:1: 20 daAuts
